 Dungeon Crawl Stone Soup version 0.32-a0-886-g41c5271027 (webtiles) character file.

Game seed: 14130178102654099151

160 TheMeInTeam the Charlatan (level 5, -2/41 HPs)
             Began as a Merfolk Artificer on Apr 2, 2024.
             Was a Believer of Beogh.
             Slain by a black bear (8 damage)
             ... on level 4 of the Dungeon.
             The game lasted 00:08:38 (3237 turns).

TheMeInTeam the Charlatan (Merfolk Artificer)       Turns: 3237, Time: 00:08:38

Health: -2/41      AC:  4    Str: 12    XL:     5   Next: 41%
Magic:  4/6        EV: 11    Int: 10    God:    Beogh [**....]
Gold:   138        SH:  0    Dex: 17    Spells: 4/4 levels left

rFire   . . .        a - +0 short sword
rCold   . . .        (no shield)
rNeg    . . .        b - +0 leather armour
rPois   .            j - +0 helmet
rElec   .            (no cloak)
rCorr   .            (no gloves)
SInv    .            (no boots)
Will    .....        (no amulet)
Stlth   ++           (no ring)
HPRegen 0.26/turn    (no ring)
MPRegen 0.10/turn

%: no passive effects
@: invisible
A: (nimble swimmer 2), mertail
a: Renounce Religion, Smiting


You were on level 4 of the Dungeon.
You worshipped Beogh.
Beogh was pleased with you.
You visited 1 branch of the dungeon, and saw 4 of its levels.

You collected 138 gold pieces.

Inventory:

Hand Weapons
 a - a +0 short sword (weapon)
Missiles
 g - 5 darts of dispersal
 k - 3 poisoned darts (quivered)
 p - a throwing net
Armour
 b - a +0 leather armour (worn)
 j - a +0 helmet (worn)
Wands
 c - a wand of flame (14)
 d - a wand of charming (13)
 e - a wand of iceblast (4)
Scrolls
 f - a scroll of enchant weapon {unknown}
 o - a scroll of poison {unknown}
 q - a scroll of acquirement {unknown}
 u - a scroll of teleportation {unknown}
Potions
 h - a potion of heal wounds {unknown}
 i - a potion of lignification {unknown}
 l - a potion of degeneration {unknown}
 n - 2 potions of mutation
 r - a potion of curing {unknown}
 s - a potion of haste {unknown}


   Skills:
 * Level 3.2 Fighting
 * Level 3.0 Short Blades
 - Level 0.6 Armour
 - Level 2.6 Dodging
 - Level 2.0 Stealth
 + Level 1.4 Invocations
 + Level 3.6 Evocations


You had 4 spell levels left.
You didn't know any spells.
Your spell library contained the following spells:

 Spells                   Type           Power      Damage    Failure   Level
 Shock                    Conj/Air       0%         1d3       43%         1
 Blink                    Tloc           0%         N/A       58%         2
 Lesser Beckoning         Tloc           0%         N/A       58%         2
 Momentum Strike          Conj/Tloc      0%         3d8       58%         2
 Fugue of the Fallen      Necr           0%         N/A       82%         3
 Ozocubu's Armour         Ice            0%         N/A       82%         3
 Swiftness                Air            0%         N/A       82%         3
 Airstrike                Air            0%         2d(0-16)  99%         4
 Manifold Assault         Tloc           0%         N/A       100%        7


Dungeon Overview and Level Annotations

Branches:
Dungeon (4/15)
 Temple: D:4-7

Altars:
Gozag
Trog
Beogh

Annotations:
D:4 Eustachio


Innate Abilities, Weirdness & Mutations

Your facial features look somewhat orcish.
((You are very nimble when in or above water. (Stealth+, EV+, Speed+++)))
Your lower body shifts to a powerful aquatic tail in water.


Message History

Done exploring.
Done exploring.
Search for what [Enter for "."]? .
There is an open door here.
You see here an adder skeleton.
There is a stone staircase leading down here.
You climb downwards.
There is a stone staircase leading up here.
Okay, then.
Press: ? - help, v - describe, . - travel
Here: Eustachio, wielding a +0 falchion and wearing a +0 leather armour (asleep)
The floor.
Eustachio shouts!
Eustachio hits you with a +0 falchion. Eustachio attacks as he pursues you!
Eustachio hits you with a +0 falchion.
Eustachio mumbles some strange words.
There is a stone staircase leading up here.
Eustachio screams, "Hey, you killed my favourite bat!"
You climb upwards.
There is a stone staircase leading down here.
There is an open door here.
Items here: ( ) ÷÷.
HP restored.
There is a stone staircase leading down here.
You climb downwards.
Level annotation: Eustachio
There is a stone staircase leading up here. 2 hobgoblins come into view.
There are monsters nearby!
There is a stone staircase leading up here.
You hit the hobgoblin.
The hobgoblin is almost dead.
The hobgoblin misses you.
You hit the hobgoblin.
You kill the hobgoblin!
Beogh accepts your kill.
No target in view!
You see here a hobgoblin corpse.
You see here a hobgoblin corpse.
There is a stone staircase leading up here.
You hit the hobgoblin.
The hobgoblin is lightly wounded.
The hobgoblin hits you but does no damage.
You hit the hobgoblin but do no damage.
The hobgoblin is lightly wounded.
The hobgoblin barely misses you.
You closely miss the hobgoblin.
The hobgoblin is lightly wounded.
The hobgoblin barely misses you.
You hit the hobgoblin but do no damage.
The hobgoblin is lightly wounded.
The hobgoblin hits you but does no damage.
You hit the hobgoblin but do no damage.
The hobgoblin is lightly wounded.
The hobgoblin barely misses you.
You hit the hobgoblin.
The hobgoblin is moderately wounded.
You hit the hobgoblin but do no damage.
The hobgoblin is moderately wounded.
The hobgoblin hits you but does no damage.
You closely miss the hobgoblin.
The hobgoblin is moderately wounded.
The hobgoblin hits you but does no damage.
You closely miss the hobgoblin.
The hobgoblin is moderately wounded.
The hobgoblin hits you but does no damage.
You barely miss the hobgoblin.
The hobgoblin is moderately wounded.
The hobgoblin hits you but does no damage.
You closely miss the hobgoblin.
The hobgoblin is moderately wounded.
The hobgoblin completely misses you.
You barely miss the hobgoblin.
The hobgoblin is moderately wounded.
The hobgoblin misses you.
You hit the hobgoblin.
You kill the hobgoblin!
Beogh accepts your kill.
No target in view!
No target in view!
No target in view!
You see here a hobgoblin corpse.
The orc stares at you in amazement and kneels.
It shouts, "TheMeInTeam is one of us!"
An orc comes into view. It is wielding a +0 flail.
Found 4 stones.
A goblin comes into view. It is wielding a +0 club.
An adder comes into view.
The goblin shouts!
The goblin unwields a +0 club.
The goblin wields a +0 sling.
The goblin shoots a sling bullet.
The sling bullet hits you.
The orc goes up the stairs.
The goblin shoots a sling bullet.
The sling bullet hits you.
You hear a shout!
You hear an angry hiss.
You hear a shout!
The goblin shoots a sling bullet.
The sling bullet hits you but does no damage.
The goblin unwields a +0 sling.
The goblin wields a +0 club.
The goblin closely misses you.
You hit the goblin.
The goblin is severely wounded.
A goblin comes into view. It is wielding a +0 dagger.
The goblin closely misses you.
You closely miss the goblin.
The goblin is severely wounded.
The goblin misses you.
You hit the goblin.
You kill the goblin!
Beogh accepts your kill.
You closely miss the goblin. The goblin hits you but does no damage.
You barely miss the goblin.
A phantom comes into view.
The goblin misses you.
You hit the goblin.
You kill the goblin!
Beogh accepts your kill.
The adder hisses angrily.
You see here a hobgoblin corpse.
There is a stone staircase leading up here.
Aiming: Smiting
Press: ? - help, Dir - move target, f - phantom Smite: a phantom You smite the phantom!
The phantom is moderately damaged.
Aiming: Smiting
Press: ? - help, Dir - move target, f/p - phantom Smite: a phantom (moderately damaged)
You fail to use your ability.
Aiming: Iceblast
Press: ? - help, Shift-Dir - straight line, f/p - phantom
Aim: a phantom (moderately damaged)
The mass of ice explodes!
The iceblast engulfs the phantom!
The phantom partially resists.
The phantom is severely damaged.
The iceblast engulfs the adder!
You kill the adder!
Beogh accepts your kill.
You hear an angry growl.
You hear an angry hiss.
You hear a bark!
You hear a shout!
Your Short Blades skill increases to level 3!
Okay, then.
You barely miss the phantom.
The phantom is severely damaged.
You hit the phantom.
The phantom is almost destroyed.
The phantom barely misses you.
You barely miss the phantom.
The phantom is almost destroyed.
The phantom hits you.
You hit the phantom but do no damage.
The phantom is almost destroyed.
A black bear comes into view.
The phantom hits you but does no damage.
You hit the phantom.
The phantom is almost destroyed.
The phantom barely misses you.
You hit the phantom but do no damage.
The phantom is almost destroyed.
The phantom hits you but does no damage.
You hit the phantom but do no damage.
The phantom is almost destroyed.
A ball python comes into view.
The phantom hits you.
The phantom blinks!
You blink.
Something unseen opens the door.
The ball python hisses angrily.
You hit the phantom but do no damage.
The phantom is almost destroyed.
You barely miss the phantom.
The phantom is almost destroyed.
A goblin comes into view. It is wielding a +0 club.
The phantom hits you.
You hit the phantom.
The phantom is almost destroyed.
The phantom hits you.
You miss the phantom.
The phantom is almost destroyed.
The phantom barely misses you. The ball python barely misses you.
The ball python grabs you. The ball python constricts you.
You hit the phantom.
The phantom is almost destroyed.
The phantom barely misses you. The ball python bites you.
The ball python constricts you.
You hit the phantom but do no damage.
The phantom is almost destroyed.
The ball python bites you but does no damage.
The ball python constricts you. The phantom hits you.
The phantom blinks!
You blink.
The ball python loses its grip on you.
Aiming: Charm
Press: ? - help, Shift-Dir - straight line, f - black bear, p - phantom
Aim: a black bear (chance to affect: 58%)
The black bear resists with significant effort.
The phantom hits you. The black bear bites you!
* * * LOW HITPOINT WARNING * * *
The black bear claws you.
* * * LOW HITPOINT WARNING * * *
The black bear barely misses you.
Okay, then.
You fade into invisibility!
The ball python closely misses you. The black bear bites you!
You die...

#. .. #.######
..+##......#
#...#.....#
#.........#
#.......§.#
#.#...g..§#
#..)#...S.#
..'##...W@.# #
#....h†#######
#...#.†<.....#
#...#..#........#
...#....#........#
## ##(..#........#
#####........#
#........+
#........#


You could see a black bear (unable to see you), a phantom (unable to see you), a
goblin (unable to see you) and a ball python (unable to see you).

Vanquished Creatures
  2 gnolls (D:2)
  6 adders
  3 dart slugs
  3 ribbon worms
  8 ball pythons
  7 endoplasms
  3 giant cockroaches
  8 hobgoblins
  4 jackals (D:3)
  5 kobolds
  2 quokkas (D:1)
  6 bats
  3 frilled lizards
  5 goblins
  5 rats
70 creatures vanquished.

Vanquished Creatures (collateral kills)
  A gnoll (D:2)
1 creature vanquished.

Grand Total: 71 creatures vanquished

Notes
Turn   | Place    | Note
-------+----------+-------------------------------------------
     0 | D:1      | TheMeInTeam the Merfolk Artificer began the quest for the
                  | Orb.
     0 | D:1      | Reached XP level 1. HP: 15/15 MP: 1/1
   265 | D:1      | Reached XP level 2. HP: 21/21 MP: 2/2
   296 | D:1      | You fall into a shaft and drop 1 floor!
   578 | D:1      | Reached skill level 1 in Short Blades
   598 | D:1      | Found a faded altar of an unknown god.
   612 | D:1      | Prayed at the altar of an unknown god.
   612 | D:1      | Became a worshipper of Beogh the Shepherd
   612 | D:1      | Reached * piety under Beogh
   901 | D:1      | Reached XP level 3. HP: 27/27 MP: 3/3
  1666 | D:2      | Reached XP level 4. HP: 32/34 MP: 4/4
  1677 | D:2      | Reached ** piety under Beogh
  2039 | D:2      | Reached skill level 1 in Invocations
  2204 | D:3      | Reached XP level 5. HP: 41/41 MP: 5/5
  2479 | D:3      | Found a bloodstained altar of Trog.
  2579 | D:3      | Found an opulent altar of Gozag.
  3096 | D:4      | Noticed Eustachio
  3212 | D:4      | Noticed a phantom
  3226 | D:4      | Noticed a black bear
  3237 | D:4      | Slain by a black bear

Illustrated notes

Levels and vault maps discovered:
D:1:      tarquinn_simple_flora_water_d, layout_loops_ring,
          hellmonk_ecumenical_altar_heavens_door, minmay_misc_feat_room,
          palyth_stone_intersect, grunt_decor_resistance, nicolae_hexahallways,
          chequers_serial_rivers_marsh, columned_hall_lemuel
D:2:      layout_rooms, dk_noncrumbling_3, small_statue_intersection,
          nicolae_twisty_statue_hallways
D:3:      layout_basic, nicolae_gozag_cash_rules_everything_around_me,
          mainiacjoe_overflow_surrounded_room
D:4:      layout_gridville, serial_shops, shop, minmay_misc_feat_cross,
          minmay_fractal_squares_diagonal_5, uniq_menkaure, uniq_eustachio

Skill      XL: |  1  2  3  4  5 |
---------------+----------------+-----
Fighting       | 2 3 |  3.2
Short Blades   | 1 2 3 |  3.0
Stealth        | 2 |  2.0
Invocations    | 1 |  1.4
Armour         | |  0.6
Dodging        | |  2.6
Evocations     | |  3.6

Action                     |  1- 3 |  4- 6 || total
---------------------------+-------+-------++-------
  Melee: Short sword       |   170 |   197 ||   367
         Mace              |     6 |       ||     6
         Club              |     3 |       ||     3
 Invoke: Smiting           |       |     1 ||     1
  Evoke: Wand              |       |     4 ||     4
    Use: Scroll            |     1 |     2 ||     3
         Potion            |       |     1 ||     1
   Stab: Sleeping          |     1 |     3 ||     4
 Armour: Leather armour    |    92 |   101 ||   193
  Dodge: Dodged            |    90 |   109 ||   199

Table legend: (Time is in decaauts)
 A = Elapsed time spent in this place.
 B = Non-inter-level travel time spent in this place.
 C = Inter-level travel time spent in this place.
 D = Time resting spent in this place.
 E = Time spent auto-exploring this place.
 F = Levels seen in this place.
 G = Mean time per level.
                   A        B        C        D        E       F      G
               +--------+--------+--------+--------+--------+-----+--------+
         Total |   3202 |   3070 |    132 |     74 |   2055 |   4 |  800.5 |
       Dungeon |   3202 |   3070 |    132 |     74 |   2055 |   4 |  800.5 |
               +--------+--------+--------+--------+--------+-----+--------+

Top non-repeatable levels by time:
     D:1: 1184 daAuts
     D:3: 1039 daAuts
     D:2: 893 daAuts
     D:4: 84 daAuts
